Map: Ruins of Endion

Players

IlIlIlIlIlIl (Naniwa) - Winner!

  • Race: Protoss Protoss
  • League: Grandmaster

Scythe

  • Race: Terran Terran
  • League: Grandmaster

VOD

Have the link to the VOD?

Description

Time

  • Played on: June 10, 2016, 4:28 p.m.
  • Length: 10:47
Show
View Real Time Build Order
Export as new Build Order

IlIlIlIlIlIl Protoss - Winner!

Build Orders: 1 Gate Expand 

Get SALT Encoding   

  12  0:01  Probe (Chrono Boost)  
  13  0:11  Probe (Chrono Boost)  
  14  0:19  Pylon  
  14  0:22  Probe (Chrono Boost)  
  15  0:37  Probe (Chrono Boost)  
  15  0:39  Gateway  
  16  0:43  Assimilator  
  16  0:48  Probe (Chrono Boost)  
  17  0:58  Probe (Chrono Boost)  
  18  1:09  Probe (Chrono Boost)  
  19  1:21  Nexus  
  19  1:28  Cybernetics Core  
  19  1:33  Probe (Chrono Boost)  
  19  1:37  Assimilator  
  20  1:43  Probe (Chrono Boost)  
  21  1:48  Pylon  
  22  1:54  Probe (Chrono Boost)  
  22  2:04  Warp Gate (Chrono Boost)  
  22  2:06  Mothership Core (Chrono Boost)  
  24  2:14  Stalker  
  26  2:24  Probe (Chrono Boost)  
  27  2:33  Probe (Chrono Boost)  
  27  2:35  Probe (Chrono Boost)  
  29  2:37  Robotics Facility  
  29  2:43  Probe (Chrono Boost)  
  30  2:44  Stalker  
  30  2:45  Probe (Chrono Boost)  
  33  2:54  Probe (Chrono Boost)  
  33  2:56  Probe (Chrono Boost)  
  35  3:04  Probe (Chrono Boost)  
  36  3:06  Probe  
  36  3:10  Stalker  
  37  3:12  Pylon  
  37  3:17  Pylon  
  37  3:18  Probe x2  
  41  3:26  Observer (Chrono Boost)  
  42  3:27  Pylon  
  42  3:33  Probe x2  
  44  3:45  Probe x2  
  44  3:47  Observer (Chrono Boost)  
  47  3:57  Probe x2  
  48  4:09  Probe x2  
  50  4:12  Stalker  
  51  4:21  Probe  
  51  4:22  Probe  
  51  4:23  Nexus  
  53  4:25  Pylon  
  53  4:28  Forge, Twilight Council  
  53  4:29  Pylon  
  53  4:33  Observer (Chrono Boost)  
  53  4:34  Probe x2 (Chrono Boost)  
  53  4:37  Stalker  
  58  4:40  Assimilator  
  58  4:45  Assimilator, Probe x2 (Chrono Boost)  
  60  4:52  Gateway  
  60  4:54  Gateway, Protoss Ground Weapons Level 1  
  60  4:56  Probe x2 (Chrono Boost)  
  60  4:59  Observer  
  63  5:06  Probe x2 (Chrono Boost)  
  65  5:10  Blink (Chrono Boost)  
  65  5:16  Pylon  
  65  5:18  Probe x2  
  67  5:24  Sentry, Pylon  
  69  5:30  Probe x2  
  69  5:34  Pylon, Probe  
  71  5:42  Probe x2  
  74  5:45  Probe  
  74  5:49  Stalker x3  
  81  5:50  Pylon  
  81  5:54  Probe x2  
  81  5:55  Probe  
  83  5:59  Gateway  
  83  6:00  Gateway  
  83  6:01  Gateway  
  84  6:06  Probe x3  
  84  6:09  Photon Cannon  
  87  6:14  Assimilator  
  87  6:15  Assimilator  
  87  6:16  Probe  
  87  6:18  Probe x2  
  89  6:21  Sentry x2, Stalker  
  96  6:27  Dark Shrine  
  96  6:33  Protoss Ground Armor Level 1  
  96  6:34  Pylon  
  96  6:35  Pylon  
  96  6:38  Immortal (Chrono Boost)  
  100  6:44  Resonating Glaives  
  100  6:45  Photon Cannon  
  100  6:47  Stalker x3  
  106  7:07  Stalker  
  106  7:08  Stalker  
  110  7:20  Stalker x3  
  114  7:24  Stalker  
  114  7:38  Warp Prism (Chrono Boost)  
  116  7:46  Photon Cannon  
  116  7:48  Pylon  
  116  7:52  Gateway x2  
  116  7:53  Photon Cannon, Robotics Bay  
  116  7:55  Robotics Facility  
  116  7:57  Pylon  
  116  8:06  Photon Cannon  
  116  8:07  Pylon  
  116  8:18  Dark Templar x3  
  122  8:25  Stalker x3  
  122  8:26  Nexus  
  128  8:28  Pylon, Protoss Ground Armor Level 2  
  128  8:30  Pylon  
  128  8:43  Forge  
  124  9:02  Adept x4  
  130  9:03  Adept  
  130  9:06  Colossus x2 (Chrono Boost)  
  146  9:14  Photon Cannon  
  146  9:16  Photon Cannon  
  146  9:20  Pylon  
  146  9:23  Pylon  
  144  9:31  Assimilator  
  144  9:33  Pylon  
  144  9:37  Photon Cannon, Assimilator  
  144  9:40  Pylon  
  142  9:56  Colossus x2 (Chrono Boost)  
  142  9:59  Adept  
  156  10:00  Adept x5  
  156  10:02  Adept  
  156  10:03  Adept  
  154  10:33  Adept x8  
Show
View Real Time Build Order
Export as new Build Order

Scythe Terran 

Build Orders: 1/1/1, MMM Bio 

Get SALT Encoding   

  12  0:00  SCV  
  13  0:13  SCV  
  14  0:18  Supply Depot  
  14  0:25  SCV  
  15  0:29  Refinery  
  15  0:39  SCV  
  16  0:45  Barracks  
  16  0:51  SCV  
  17  1:03  SCV  
  18  1:07  Supply Depot  
  18  1:15  SCV  
  19  1:31  Orbital Command  
  19  1:32  Marine  
  20  1:36  Factory  
  20  1:49  Marine  
  21  1:57  SCV  
  22  2:09  SCV  
  22  2:11  Marine  
  24  2:19  Widow Mine  
  24  2:21  SCV, Starport  
  27  2:26  Supply Depot  
  27  2:29  Marine  
  28  2:34  SCV  
  29  2:46  SCV  
  29  2:47  Marine  
  31  2:51  Command Center  
  31  2:58  SCV  
  31  3:01  Medivac  
  31  3:05  Marine  
  33  3:10  SCV  
  34  3:14  Supply Depot  
  34  3:22  SCV  
  35  3:29  Barracks  
  35  3:30  Barracks Tech Lab, Barracks  
  35  3:35  SCV  
  35  3:39  Refinery  
  36  3:47  SCV  
  37  3:59  SCV  
  36  4:05  Marine  
  36  4:06  Stimpack  
  36  4:07  Orbital Command  
  35  4:11  SCV  
  34  4:20  Barracks Tech Lab  
  34  4:21  Barracks Reactor  
  34  4:23  SCV  
  35  4:26  Marauder  
  35  4:27  Starport Reactor  
  35  4:29  Engineering Bay  
  37  4:33  SCV  
  37  4:36  SCV  
  39  4:39  Refinery  
  39  4:42  Marauder  
  41  4:45  SCV  
  41  4:48  SCV, Marine  
  44  4:54  Combat Shields  
  44  4:57  SCV  
  44  4:59  Marine x2  
  47  5:00  SCV  
  48  5:10  SCV  
  48  5:11  Marauder x2  
  48  5:12  SCV  
  54  5:15  Supply Depot  
  54  5:17  Marine x2  
  56  5:22  SCV  
  56  5:24  SCV  
  56  5:26  Medivac  
  56  5:27  Medivac  
  62  5:36  Supply Depot, Marine x2  
  62  5:37  SCV x2, Marauder  
  62  5:39  Marine  
  69  5:43  Supply Depot  
  69  5:49  SCV  
  70  5:54  Supply Depot  
  70  5:57  SCV, Marine x2, Widow Mine  
  70  5:59  Marauder, Marine  
  78  6:05  SCV  
  78  6:07  Concussive Shells  
  78  6:08  Medivac  
  78  6:09  Medivac  
  83  6:12  SCV  
  83  6:15  Marine  
  83  6:16  Marine  
  83  6:17  SCV  
  87  6:21  Marine  
  87  6:22  Marauder  
  87  6:24  SCV  
  91  6:29  SCV  
  92  6:36  Marauder  
  92  6:37  Command Center  
  94  6:41  Terran Infantry Weapons Level 1  
  94  6:42  Supply Depot, Marine  
  95  6:49  Marauder, Marine  
  95  6:52  SCV x2  
  100  6:55  Factory Reactor  
  100  6:56  Medivac  
  102  7:01  Supply Depot  
  102  7:04  Marine  
  103  7:15  Marauder, Marine x2  
  101  7:16  SCV  
  101  7:21  SCV  
  101  7:22  Barracks x2  
  95  7:28  SCV  
  93  7:35  Marine x2  
  93  7:36  Medivac x2  
  93  7:37  Widow Mine  
  96  7:41  Marauder, Marine  
  100  7:51  Orbital Command  
  100  7:53  Marine x2  
  102  7:59  Marauder  
  102  8:02  Marine  
  105  8:06  Medivac  
  105  8:07  Widow Mine  
  105  8:10  Marine  
  105  8:12  Barracks Tech Lab, Barracks Reactor  
  110  8:14  Refinery  
  110  8:16  Marine  
  110  8:17  Barracks  
  110  8:18  Barracks  
  111  8:20  Marine  
  111  8:21  Marauder  
  111  8:25  Medivac, Supply Depot x2  
  116  8:28  Marine  
  116  8:29  Widow Mine  
  116  8:31  Marauder  
  121  8:34  Marine  
  121  8:36  Terran Infantry Armor Level 1, Widow Mine  
  121  8:37  Medivac  
  121  8:38  Marine  
  127  8:41  Marine  
  127  8:45  Supply Depot  
  127  8:46  Supply Depot, Marine  
  123  8:51  Missile Turret  
  123  8:52  Marauder, Marine  
  124  8:56  Marauder  
  124  8:58  Missile Turret  
  124  8:59  Marine  
  124  9:01  Marine x2  
  125  9:08  Marine  
  125  9:09  SCV  
  126  9:10  SCV  
  126  9:11  Barracks Tech Lab, Barracks Reactor  
  126  9:14  Missile Turret, Marauder  
  128  9:18  Marauder  
  128  9:19  Marauder, Marine x2  
  128  9:22  Marine  
  135  9:26  Marine  
  136  9:32  Marine  
  136  9:35  Marauder  
  136  9:36  Marine  
  136  9:37  Marine  
  141  9:38  Marine  
  141  9:39  Marine  
  141  9:41  Marauder  
  141  9:43  Marine  
  146  9:46  Medivac  
  146  9:50  Marauder  
  146  9:54  Marine  
  146  9:55  Marine  
  146  9:56  Marine x2  
  146  9:57  Marauder, Marine  
  146  9:59  Marine  
  152  10:02  Marauder  
  153  10:11  Marauder  
  135  10:16  Marine x2  
  135  10:17  Marauder  
  135  10:18  SCV x2  
  135  10:19  SCV  
  126  10:30  SCV x2  
Tags
 
Add a new tag
Caveats
  • Supply blocks, unpowered buildings, or Contaminate may cause inaccurate times.
  • Supply counts are checked every 10 seconds.